 Dungeon Crawl Stone Soup version 0.19-a0-1193-g2641e52 (webtiles) character file.

5893 Duffy the Nimble (level 10, -13/51 HPs)
             Began as a Felid Enchanter on Aug 19, 2016.
             Was a Priest of Ashenzari.
             Rolled over by a boulder beetle (32 damage)
             ... on level 3 of the Lair of Beasts.
             The game lasted 00:41:14 (19683 turns).

Duffy the Nimble (Felid Enchanter)                 Turns: 19683, Time: 00:41:14

Health: -13/51     AC:  3    Str:  9    XL:     10   Next: 53%
Magic:  17/17      EV: 29    Int: 18    God:    Ashenzari [***...]
Gold:   786        SH:  0    Dex: 20    Spells: 3 memorised, 9 levels left
                                        Lives:  0   Deaths: 2

rFire  . . .     SeeInvis +       - Unarmed
rCold  + . .     Gourm    .     (armour unavailable)
rNeg   . . .     Faith    .     (shield unavailable)
rPois  .         Spirit   .     (helmet unavailable)
rElec  .         Dismiss  .     (cloak unavailable)
rCorr  .         Reflect  .     (gloves unavailable)
MR     +....     Harm     .     (boots unavailable)
Stlth  ++++++++..               S - amulet of magic regeneration
                                c - ring of stealth
                                q - ring of stealth (curse)

@: mighty, exhausted, very slightly contaminated, hasted and slowed, quick
A: no armour, no weapons or thrown items, claws 1, fangs 3, see invisible,
carnivore 3, speed 1, shaggy fur 3, slow metabolism 1, sharp paws
a: Curse Item, Scrying, Renounce Religion


You were on level 3 of the Lair of Beasts.
You worshipped Ashenzari.
Ashenzari was most pleased with you.
You were not hungry.

You visited 2 branches of the dungeon, and saw 16 of its levels.
You also visited: Bailey and Ice Cave.

You collected 810 gold pieces.
You spent 24 gold pieces at shops.

Inventory:

Jewellery
 c - a ring of stealth (right paw)
 j - an uncursed ring of protection from fire
 q - a cursed ring of stealth (left paw)
 x - an uncursed ring of flight
 H - a +3 ring of dexterity
 K - an uncursed ring of ice
 S - an amulet of magic regeneration (around neck)
 W - an uncursed ring of poison resistance
Wands
 n - a wand of acid (11/15)
 p - a wand of paralysis (11/24)
 r - a wand of random effects (22/48)
 s - a wand of slowing (28/48)
 y - a wand of confusion (48/48)
 M - a wand of lightning (4/15)
 Q - a wand of paralysis (10/24)
 R - a wand of lightning (6/15)
 U - a wand of acid (3/15)
 X - a wand of iceblast (8/15)
Scrolls
 i - 3 scrolls of recharging
 v - a scroll of magic mapping {unknown}
 w - 3 scrolls of teleportation
 D - 5 scrolls of remove curse
 F - 3 scrolls of fog
 G - a scroll of brand weapon {unknown}
 N - a scroll of fear {unknown}
Potions
 e - 2 potions of brilliance
 f - a potion of haste
 g - 5 potions of curing
 l - 2 potions of heal wounds
 o - 19 potions of degeneration
 t - 4 potions of flight
 B - a potion of cure mutation
 E - 3 potions of cancellation
 L - a potion of magic
Books
 a - a book of Maledictions

   Spells                             Type                      Level
   a - Corona                         Hexes                        1
   b - Ensorcelled Hibernation        Hexes/Ice                    2
   c - Confuse                        Hexes                        3
   d - Tukima's Dance                 Hexes                        3
   e - Dazzling Spray                 Conjuration/Hexes            3
 C - a book of Misfortune

   Spells                             Type                      Level
   a - Confusing Touch                Hexes                        1
   b - Confuse                        Hexes                        3
   c - Gell's Gravitas                Hexes/Translocation          3
   d - Petrify                        Transmutation/Earth          4
   e - Metabolic Englaciation         Hexes/Ice                    5
   f - Yara's Violent Unravelling     Hexes/Transmutation          5
 J - a book of Beasts

   Spells                             Type                      Level
   a - Summon Butterflies             Summoning                    1
   b - Call Canine Familiar           Summoning                    3
   c - Summon Ice Beast               Ice/Summoning                4
   d - Summon Mana Viper              Hexes/Summoning              5
   e - Summon Hydra                   Summoning                    7
 P - a book of Summonings

   Spells                             Type                      Level
   a - Recall                         Summoning/Translocation      3
   b - Aura of Abjuration             Summoning                    5
   c - Summon Demon                   Summoning                    5
   d - Summon Forest                  Summoning/Translocation      5
   e - Summon Mana Viper              Hexes/Summoning              5
   f - Shadow Creatures               Summoning                    6
 T - a book of Air

   Spells                             Type                      Level
   a - Shock                          Conjuration/Air              1
   b - Swiftness                      Charms/Air                   2
   c - Repel Missiles                 Charms/Air                   2
   d - Static Discharge               Conjuration/Air              3
   e - Lightning Bolt                 Conjuration/Air              5
Miscellaneous
 O - 2 phantom mirrors
Comestibles
 b - 5 meat rations
 d - 4 slices of pizza
 m - 4 beef jerkies
 z - 2 royal jellies


   Skills:
 - Level 10.2 Fighting
 + Level 11.5 Dodging
 - Level 10.5 Stealth
 - Level 10.0 Unarmed Combat
 - Level 4.0 Spellcasting
 - Level 10.0 Hexes
 - Level 4.5 Ice Magic
 - Level 7.2 Evocations


You had 9 spell levels left.
You knew the following spells:

 Your Spells              Type           Power        Failure   Level  Hunger
a - Ensorcelled Hibernat  Hex/Ice        ####..       1%          2    ##.....
j - Confuse               Hex            #####...     1%          3    ###....
l - Tukima's Dance        Hex            #####...     1%          3    ###....


Dungeon Overview and Level Annotations

Branches:
Dungeon (13/15)            Temple (0/1) D:6            Lair (3/6) D:10
    Orc (0/2) D:11
  Swamp: Lair:2-4    Shoals: Lair:2-4     Snake: Lair:2-4    Spider: Lair:2-4
 Vaults: D:13-14

Altars:
Ashenzari
Elyvilon
Fedhas
Hepliaklqana
Makhleb
Nemelex Xobeh
Qazlal
Ru
Sif Muna
Uskayaw
Xom
Yredelemnul

Shops:
D:6 *

Annotations:
D:9 exclusions: 2 hounds and 5 killer bees
D:13 Frances


Innate Abilities, Weirdness & Mutations

You cannot wear armour.
You are incapable of wielding weapons or throwing items.
You have sharp claws.
You have razor-sharp teeth.
You have supernaturally acute eyesight. (SInv)
You are carnivorous and can eat meat at any time.
You cover ground quickly.
Your thick and shaggy fur keeps you warm. (AC +3, rC+)
You have a slow metabolism.
Your sharp claws are effective at attacking unaware monsters.


Message History

The hippogriff barely misses you. The porcupine completely misses you.
The hippogriff completely misses you. x3
The porcupine bites you! The hippogriff completely misses you.
The hippogriff pecks you. The hippogriff completely misses you.
The porcupine misses you.
The boulder beetle waves its antennae.
The hippogriff completely misses you.
The hippogriff pecks you but does no damage.
The hippogriff closely misses you. The porcupine bites you!
The hippogriff misses you. The hippogriff closely misses you.
The hippogriff completely misses you. The porcupine completely misses you.
The boulder beetle curls into a ball and starts rolling!
The boulder beetle smashes into the porcupine!
The porcupine dies!
The hippogriff completely misses you. x2; The hippogriff claws you.
The seven-headed hydra roars!
The boulder beetle smashes into you!
Ouch! That really hurt!
You die...

,, , ** ## , .## ,
# #.. *, , ..
.....#, **..,
.P...D#### **.##
#.......# ...# * *
*#..##$.###..#* ,
##P...#.H.PP.##* *
#...P..0B@....#
.....#.#..........
..., #.#########P.
* * . **.. * .{.**
, *###. ,, * ## *
,, ,,,


You could see a boulder beetle, a seven-headed hydra and a hippogriff.

Vanquished Creatures
  Harold (D:10)
  A centaur warrior (D:13)
  The ghost of Duffy the Fighter, a journeyman VSAs of Makhleb (D:11)
  An unseen horror (D:10)
  Pikel (D:9)
  A flayed ghost (D:11)
  3 hill giants
  A deep elf mage (D:11)
  A cyclops (D:13)
  A centaur zombie (D:12)
  A merfolk (D:11)
  5 trolls
  Grinder (D:5)
  9 slime creatures (D:12)
  Sigmund (D:2)
  2 vampires
  3 wraiths (D:11)
  4 shadows
  6 yaks (D:11)
  A human (D:11)
  A fire bat (D:11)
  A hungry ghost (D:10)
  2 hippogriffs
  A water moccasin (D:4)
  13 orc warriors
  4 slaves
  3 phantoms
  3 ice beasts
  A sky beast (D:10)
  2 wasps (D:12)
  An eye of draining (D:12)
  2 necrophages
  11 ogres
  12 centaurs
  2 crocodiles (Lair:1)
  4 wolves (Lair:1)
  5 giant frogs
  A water moccasin zombie (D:11)
  3 scorpions
  13 killer bees (D:11)
  5 wights
  4 electric eels
  10 howler monkeys
  7 crimson imps
  3 giant frog zombies
  7 hounds
  2 jellies
  9 orc priests
  Crazy Yiuf (D:2)
  14 orc wizards
  3 centaur skeletons
  Ijyb (D:3)
  Natasha (twice) (D:3)
  4 iguanas
  9 worker ants
  A hound zombie (D:10)
  A hound skeleton (D:4)
  2 worker ant zombies
  A howler monkey zombie (D:5)
  3 gnolls
  9 adders
  8 river rats (Lair:1)
  4 shadow imps
  An ooze (D:1)
  An adder zombie (D:8)
  An adder skeleton (D:6)
  4 worms
  A dart slug (D:1)
  9 giant geckos
  70 orcs
  3 ball pythons
  18 bats
  9 giant cockroaches
  14 goblins
  7 hobgoblins
  14 jackals
  4 quokkas
  A giant cockroach zombie (D:5)
  A giant gecko skeleton (D:3)
  6 giant newts
  A jackal skeleton (D:6)
  10 kobolds
  A quokka skeleton (D:8)
  A quokka zombie (D:9)
  5 rats
422 creatures vanquished.

Vanquished Creatures (collateral kills)
  A two-headed ogre (D:9)
  An ogre (D:10)
  An orc warrior (D:12)
  A wight (D:12)
  3 orcs
7 creatures vanquished.

Vanquished Creatures (others)
  5 dancing weapons
  A porcupine (Lair:3)
  A kobold (D:2)
  2 fungi
  9 plants (Lair:1)
18 creatures vanquished.

Grand Total: 447 creatures vanquished

Notes
Turn   | Place    | Note
-------+----------+-------------------------------------------
     0 | D:1      | Duffy the Felid Enchanter began the quest for the Orb.
     0 | D:1      | Reached XP level 1. HP: 7/7 MP: 4/4
   400 | D:1      | Reached skill level 1 in Fighting
   405 | D:1      | Reached XP level 2. HP: 12/12 MP: 6/6
   409 | D:1      | Learned a level 2 spell: Ensorcelled Hibernation
   846 | D:1      | Reached XP level 3. HP: 15/16 MP: 7/7
  1049 | D:1      | Learned a level 3 spell: Confuse
  1393 | D:2      | Found a runed door.
  1489 | D:2      | Noticed Sigmund
  1597 | D:2      | Found a blossoming altar of Fedhas.
  1900 | D:3      | Noticed Natasha
  1904 | D:3      | Killed Natasha
  1904 | D:3      | Reached skill level 1 in Ice Magic
  1904 | D:3      | Reached XP level 4. HP: 19/19 MP: 8/8
  2061 | D:3      | Noticed Natasha
  2300 | D:3      | Killed Natasha
  2336 | D:3      | Found a faded altar of an unknown god.
  3053 | D:3      | Reached XP level 5. HP: 20/22 MP: 9/9
  3568 | D:3      | Noticed Ijyb
  3570 | D:3      | Found a sparkling altar of Nemelex Xobeh.
  3583 | D:3      | Killed Ijyb
  3586 | D:3      | Reached skill level 5 in Hexes
  3775 | D:2      | Noticed Crazy Yiuf
  3794 | D:2      | Killed Crazy Yiuf
  3990 | D:2      | Killed Sigmund
  3990 | D:2      | Gained mutation: You are covered in thick fur. (AC +2) [Felid growth]
  3990 | D:2      | Reached XP level 6. HP: 26/26 MP: 4/10
  4098 | D:2      | Learned a level 3 spell: Tukima's Dance
  4407 | D:4      | Reached XP level 7. HP: 30/30 MP: 8/11
  4928 | D:4      | Reached skill level 3 in Dodging
  5593 | D:4      | Reached skill level 5 in Unarmed Combat
  5810 | D:5      | Entered Level 5 of the Dungeon
  5846 | D:4      | Reached skill level 4 in Dodging
  5980 | D:4      | Reached skill level 5 in Stealth
  6149 | D:5      | Reached XP level 8. HP: 19/35 MP: 12/12
  6335 | D:5      | Noticed Grinder
  6578 | D:5      | Killed Grinder
  6749 | D:5      | Reached skill level 5 in Dodging
  6786 | D:5      | Found a basalt altar of Yredelemnul.
  7050 | D:5      | Found a hide-covered altar of Uskayaw.
  7152 | D:6      | Reached skill level 6 in Dodging
  7377 | D:6      | Found Dyvyfuneidgh's General Store.
  7385 | D:6      | Bought a scroll of fog for 24 gold pieces
  7539 | D:6      | Found a stormy altar of Qazlal.
  7553 | D:6      | Reached skill level 5 in Fighting
  7553 | D:6      | Reached XP level 9. HP: 40/40 MP: 6/13
  7642 | D:6      | Found a hazy altar of Hepliaklqana.
  7642 | D:6      | Found a shattered altar of Ashenzari.
  7653 | D:6      | Became a worshipper of Ashenzari the Shackled
  8105 | D:6      | Reached skill level 7 in Dodging
  8369 | D:6      | Found a staircase to the Ecumenical Temple.
  9073 | D:6      | Reached skill level 8 in Dodging
 10123 | D:8      | Found a sacrificial altar of Ru.
 10130 | D:8      | Reached * piety under Ashenzari
 10155 | D:8      | Found a shimmering altar of Xom.
 10157 | D:8      | Found a shimmering altar of Xom.
 10157 | D:8      | Noticed Pikel
 10159 | D:8      | Found a shimmering altar of Xom.
 10159 | D:8      | Found a shimmering altar of Xom.
 11050 | D:8      | Found a shimmering altar of Xom.
 11448 | D:9      | Noticed a troll
 11455 | D:9      | Killed a troll
 11455 | D:9      | Reached XP level 10. HP: 46/46 MP: 12/16
 11851 | D:9      | Killed Pikel
 12051 | D:9      | Found a burning altar of Makhleb.
 12051 | D:9      | Noticed a cacodemon
 12054 | D:9      | Noticed a smoke demon
 12054 | D:9      | Noticed an orange demon
 12086 | D:10     | Entered Level 10 of the Dungeon
 12086 | D:10     | Reached ** piety under Ashenzari
 12088 | D:10     | Noticed a hill giant
 12110 | D:10     | Killed a hill giant
 12110 | D:10     | Reached skill level 10 in Stealth
 12178 | D:10     | Found a staircase to the Lair.
 12356 | D:10     | Found a flagged portal.
 12479 | Bailey   | Entered a bailey
 13815 | D:10     | Noticed Harold
 13871 | D:10     | Killed Harold
 13871 | D:10     | Reached XP level 11. HP: 53/53 MP: 11/17
 13898 | D:10     | Noticed an unseen horror
 13907 | D:10     | Killed an unseen horror
 14197 | D:10     | Reached skill level 10 in Unarmed Combat
 14672 | D:11     | Noticed a hill giant
 14677 | D:11     | Killed a hill giant
 14682 | D:11     | Noticed Duffy's ghost (journeyman VSAs)
 14696 | D:11     | Killed Duffy's ghost
 14696 | D:11     | Reached skill level 10 in Fighting
 15285 | D:11     | Noticed a deep elf mage
 15288 | D:11     | Found a staircase to the Orcish Mines.
 15293 | D:11     | Killed a deep elf mage
 15991 | D:11     | Reached skill level 10 in Hexes
 16000 | D:11     | Reached skill level 1 in Evocations
 16123 | D:11     | Found a deep blue altar of Sif Muna.
 16164 | D:11     | Found a sparkling altar of Nemelex Xobeh.
 16197 | D:11     | Found a runed door.
 16199 | D:11     | Found a white marble altar of Elyvilon.
 16312 | D:11     | Found a hide-covered altar of Uskayaw.
 16314 | D:11     | Found a shattered altar of Ashenzari.
 16375 | D:11     | Found a basalt altar of Yredelemnul.
 16403 | D:11     | Noticed a flayed ghost
 16411 | D:11     | Killed a flayed ghost
 16532 | D:12     | Reached skill level 5 in Evocations
 16532 | D:12     | Gained mutation: Your thick and shaggy fur keeps you warm. (AC +3, rC+) [Felid growth]
 16532 | D:12     | Reached XP level 12. HP: 58/58 MP: 13/19
 17356 | D:12     | Reached skill level 9 in Dodging
 17494 | D:12     | Reached *** piety under Ashenzari
 17758 | D:13     | Noticed a centaur warrior
 17764 | D:13     | Killed a centaur warrior
 17764 | D:13     | Reached skill level 10 in Dodging
 17821 | D:12     | Reached skill level 11 in Dodging
 17899 | D:13     | Noticed Frances
 17924 | D:13     | Found a frozen archway.
 17928 | IceCv    | Entered an ice cave
 18222 | Lair:1   | Entered Level 1 of the Lair of Beasts
 18518 | Lair:1   | HP: 2/58 [wolf (9)]
 19596 | Lair:1   | Slain by a blink frog
 19597 | Lair:1   | Reached XP level 11. HP: -4/54 MP: 18/18
 19632 | Lair:1   | HP: 2/54 [giant frog (6)]
 19636 | Lair:1   | Mangled by a blink frog
 19637 | Lair:1   | Reached XP level 10. HP: -9/51 MP: 17/17
 19676 | Lair:3   | Noticed a seven-headed hydra
 19683 | Lair:3   | Rolled over by a boulder beetle

Vault maps used:
D:1:      scummos_arrival_checkerplants
D:2:      overflow_temple_1_default, lemuel_old_faithful,
          uniq_crazy_yiuf_cottage, uniq_sigmund
D:3:      nemelex_xobeh_ov_fountains_minmay, ecumenical_altar_2, uniq_natasha,
          uniq_iyjb
D:4:      first_bread, kennysheep_opposing_triangles
D:5:      lemuel_doored_altar, lemuel_coloured_pillars_altar, uniq_grinder
D:6:      gammafunk_temple_overflow_elements, serial_shops, shop, st_stairs_6,
          grunt_ministairs_11, grunt_qazlal_clouds
D:8:      nicolae_ru_sacrificial_ziggurat, xom_redecorated, uniq_pikel
D:9:      makhleb_altar_promises_db
D:10:     enter_bailey_7, uniq_harold
D:11:     due_megacathedral, hangedman_stone_soup, eino_jars
D:13:     minmay_box_of_statues, grunt_vaults_entry_fortified,
          portal_ice_cave_entry_pillars_1, uniq_frances
Lair:1:   serial_forest, infiniplex_forest_end_double,
          infiniplex_forest_straight_1, infiniplex_forest_lined_room_,
          infiniplex_forest_end_2, infiniplex_forest_corner_1,
          nicolae_quartered_pool_little, beast_lair_carwin_9
Lair:2:   regret_index_combs_of_tragedy, guppyfry_snake_entry_garden
Lair:3:   minmay_shoals_entry_lonely_mermaid, nicolae_lair_grove_arrangements
Bailey:   bailey_polearm_flooded_kennysheep, bailey
IceCv:    ice_cave_statue_garden_teleport

Skill      XL: |  1  2  3  4  5  6  7  8  9 10 11 12 |
---------------+-------------------------------------+-----
Fighting       | 1 2 3 5 6 9 10 | 10.2
Unarmed Combat | 2 3 4 5 6 7 9 10 | 10.0
Ice Magic      | 1 2 4 |  4.5
Hexes          | 7 8 10 | 10.0
Dodging        | 4 6 8 11 | 11.5
Stealth        | 5 8 10 | 10.5
Spellcasting   | 3 4 |  4.0
Evocations     | 5 7 |  7.2

Action                   |  1- 3 |  4- 6 |  7- 9 | 10-12 || total
-------------------------+-------+-------+-------+-------++-------
Melee: Unarmed           |   111 |   100 |   408 |   475 ||  1094
       Bite              |     8 |     6 |    34 |    50 ||    98
       Punch             |       |       |     7 |    27 ||    34
 Cast: Ensorcelled Hiber |     4 |    17 |   102 |   103 ||   226
       Confuse           |       |     5 |    10 |   105 ||   120
       Tukima's Dance    |       |       |       |    19 ||    19
Invok: Curse Item        |       |       |     1 |       ||     1
Evoke: Wand              |       |       |       |     2 ||     2
  Use: Scroll            |       |       |     5 |    10 ||    15
       Potion            |       |       |     1 |    18 ||    19
 Stab: Sleeping          |    13 |    24 |    72 |    76 ||   185
       Distracted        |       |     5 |     4 |     1 ||    10
       Confused          |       |     5 |     5 |    30 ||    40
  Eat: Chunk             |    10 |     6 |    23 |    27 ||    66
Armor: Skin              |     8 |     2 |    30 |    59 ||    99
Dodge: Dodged            |    78 |    62 |   282 |   599 ||  1021
